AoeStats
← DIALEX_20

Hideout

509415072Analyzed
1v1 RM · 5d ago on Sep 26, 2026· 44m 30s· 2 players
Game mode
Random Map
Map size
Tiny (2 player)
Population
200
Speed
Normal
Resources
Standard
Victory
Conquest
Starting age
Dark Age
Ending age
Imperial Age
RankedLock teamsTeams togetherTeam positionsShared explorationLock speedFull tech treeHidden civsTurbo modeCheats
Victory
Defeat
🇵🇪 Franks · Peru
728
+17
🇺🇸 Burgundians · United States
742
-17
DIALEX_20
9:26 Feudal Age
7:42 Loom
18:11 Castle Age
17:58 Double-Bit Axe
19:12 Bow Saw
21:26 Stone Mining
21:30 Gold Mining
24:58 Wheelbarrow
27:49 Imperial Age
26:09 Pikeman
26:49 Squires
27:43 Gold Shaft Mining
28:19 Elite Skirmisher
31:47 Ballistics
32:28 Chemistry
33:37 Onager
34:27 Halberdier
35:32 Cavalier
41:38 Husbandry
42:36 Fletching
42:48 Padded Archer Armor
42:54 Scale Barding Armor
44:47 Arson
Hatsnballs
6:08 Double-Bit Axe
9:21 Feudal Age
10:31 Town Watch
11:02 Bow Saw
19:11 Castle Age
18:33 Gold Mining
18:34 Stone Mining
20:11 Town Patrol
20:49 Scale Barding Armor
23:32 Cavalier
24:13 Husbandry
28:50 Pikeman
29:32 Squires
29:56 Scale Mail Armor
30:07 Forging
30:19 Chain Barding Armor
36:04 Imperial Age
35:39 Ballistics
37:52 Chemistry
43:05 Halberdier
Connection lost

Rejoining the realm…

Still unreachable

The connection could not be restored.

Session expired

The server has moved on; the page needs a fresh start.